 Dungeon Crawl Stone Soup version 0.31.0-1-g2c135a0 (webtiles) character file.

Game seed: 14381279722905363397

16 bonegar the Sneak (level 2, -3/22 HPs)
             Began as a Naga Enchanter on Feb 17, 2024.
             Slain by a goblin
             ... wielding a +0 club
              (4 damage)
             ... on level 1 of the Dungeon.
             The game lasted 00:05:36 (532 turns).

bonegar the Sneak (Naga Enchanter)                   Turns: 532, Time: 00:05:37

Health: -3/22      AC:  1    Str: 10    XL:     2   Next: 58%
Magic:  2/5        EV: 10    Int: 15    God:
Gold:   81         SH:  0    Dex: 11    Spells: 2/5 levels left

rFire   + . .        a - +1 dagger
rCold   + . .        (no shield)
rNeg    + . .        b - +0 robe
rPois   +            (no helmet)
rElec   +            (no cloak)
rCorr   +            (no gloves)
SInv    +            (no barding)
Will    .....        (no amulet)
Stlth   +++          h - ring of positive energy
HPRegen 0.23/turn    (no ring)
MPRegen 0.09/turn

%: no passive effects
@: resistant, very slow
A: AC +0, large, see invisible, deformed body, poison resistance, slowness 2,
spit poison 1, naga tail 1
a: Spit Poison


You were on level 1 of the Dungeon.
You visited 1 branch of the dungeon, and saw 1 of its levels.

You collected 81 gold pieces.

Inventory:

Hand Weapons
 a - a +1 dagger (weapon)
Armour
 b - a +0 robe (worn)
Jewellery
 h - a ring of positive energy (left hand)
Scrolls
 f - a scroll of vulnerability {unknown}
 g - a scroll of immolation {unknown}
Potions
 c - 2 potions of invisibility
 d - a potion of resistance
 e - 2 potions of curing {unknown}


   Skills:
 + Level 1.2 Short Blades
 + Level 1.8 Dodging
 + Level 4.6 Stealth
 + Level 2.2 Spellcasting
 + Level 3.1 Hexes
 + Level 0.3 Air Magic


You had 2 spell levels left.
You knew the following spells:

 Your Spells              Type           Power      Damage    Failure   Level
a - Shock                 Conj/Air       8%         1d3       21%         1
b - Ensorcelled Hibernat  Hex/Ice        12%        N/A       17%         2

Your spell library contained the following spells:

 Spells                   Type           Power      Damage    Failure   Level
 Confusing Touch          Hex            11%        N/A       19%         3
 Tukima's Dance           Hex            11%        N/A       19%         3
 Dazzling Flash           Conj/Hex       12%        N/A       34%         3
 Swiftness                Air            2%         N/A       50%         3
 Airstrike                Air            1%         2d(1-17)  88%         4


Dungeon Overview and Level Annotations

Branches:
Dungeon (1/15)

Altars:


Innate Abilities, Weirdness & Mutations

Your serpentine skin is tough. (AC +0)
You have supernaturally acute eyesight. (SInv)
Armour fits poorly on your strangely shaped body.
Your system is resistant to poisons. (rPois)
You cover ground very slowly.
You can spit poison.
You have a snake-like lower body.


Message History

The hobgoblin hits you.
Casting: Shock (safe; 21% risk of failure)
Confirm with . or Enter, or press ? or * to list all spells.
Aiming: Shock (safe; 21% risk of failure)
Press: ? - help, Shift-Dir - straight line, f - goblin
Aim: a goblin, wielding a +0 club (55% to hit)
The zap misses the goblin.
The hobgoblin hits you.
Casting: Shock (safe; 21% risk of failure)
Confirm with . or Enter, or press ? or * to list all spells.
Okay, then.
You hit the hobgoblin.
The hobgoblin is moderately wounded.
The hobgoblin barely misses you. The goblin hits you with a +0 club.
* * * LOW HITPOINT WARNING * * *
You hit the hobgoblin.
The hobgoblin is heavily wounded.
The hobgoblin barely misses you. The goblin hits you with a +0 club.
* * * LOW HITPOINT WARNING * * *
You hit the hobgoblin but do no damage.
The hobgoblin is heavily wounded.
The hobgoblin barely misses you. The goblin hits you but does no damage.
You barely miss the hobgoblin.
The hobgoblin is heavily wounded.
The hobgoblin hits you but does no damage.
The goblin barely misses you. The hobgoblin barely misses you.
The goblin attacks as it pursues you! The goblin completely misses you.
The hobgoblin hits you but does no damage.
The goblin attacks as it pursues you! The goblin hits you with a +0 club.
* * * LOW HITPOINT WARNING * * *
The hobgoblin hits you but does no damage.
The goblin hits you with a +0 club.
* * * LOW HITPOINT WARNING * * *
The hobgoblin attacks as it pursues you!
The hobgoblin hits you.
* * * LOW HITPOINT WARNING * * *
It was a potion of resistance.
You feel protected. The hobgoblin misses you.
The goblin hits you with a +0 club.
You die...

..# #.....# ..# #.....#
#........# .#.#
..###.....######........# ...#
...............#........# #..
..##...........#. ......#######..
...............#. ...............
...............#.##..............
...............##........##......
####...........)@g.............†.
...........######g...!....#......
.##........... #..........#......
.#.........##.##.........######.#
......###### ##................#
#..##.# #.........###...##
>†..#... #.........# #...#
.#....... #.#.##########''#
.#.#......# #...#...#..+


You could see a hobgoblin and a goblin.

Vanquished Creatures
  A dart slug (D:1)
  A ball python (D:1)
  An endoplasm (D:1)
  A giant cockroach (D:1)
  A goblin (D:1)
  3 hobgoblins (D:1)
  2 kobolds (D:1)
  A frilled lizard (D:1)
  2 rats (D:1)
13 creatures vanquished.

Notes
Turn   | Place    | Note
-------+----------+-------------------------------------------
     0 | D:1      | bonegar the Naga Enchanter began the quest for the Orb.
     0 | D:1      | Reached XP level 1. HP: 15/15 MP: 3/3
   194 | D:1      | Learned a level 1 spell: Shock
   282 | D:1      | Reached XP level 2. HP: 22/22 MP: 3/5
   286 | D:1      | Learned a level 2 spell: Ensorcelled Hibernation
   531 | D:1      | HP: 1/22 [hobgoblin (3)]
   532 | D:1      | Slain by a goblin

Illustrated notes

Levels and vault maps discovered:
D:1:      hellmonk_arrival_library, layout_basic

Action                     || total
---------------------------++-------
  Melee: Dagger            ||    25
   Cast: Shock             ||    14
         Ensorcelled Hiber ||     1
    Use: Potion            ||     1
   Stab: Sleeping          ||     1
 Armour: Robe              ||    25
  Dodge: Dodged            ||    19
